 Dungeon Crawl Stone Soup version 0.21.1-1-g345015fe64 (webtiles) character file.

148 NullDivider the Sneak (level 5, 0/36 HPs)
             Began as an Octopode Assassin on Apr 30, 2018.
             Succumbed to a worker ant's poison
             ... on level 6 of the Dungeon.
             The game lasted 00:09:51 (2035 turns).

NullDivider the Sneak (Octopode Assassin)           Turns: 2035, Time: 00:09:51

Health: 0/36       AC:  1    Str: 10    XL:     5   Next: 30%
Magic:  5/5        EV: 14    Int: 14    God:
Gold:   61         SH:  0    Dex: 14    Spells: 4/4 levels left

rFire    . . .     SeeInvis .   a - +2 dagger
rCold    . . .     Gourm    .   (no shield)
rNeg     . . .     Faith    .   (helmet restricted)
rPois    .         Spirit   .   (no amulet)
rElec    .         Reflect  .   (no ring)
rCorr    .         Harm     .   (no ring)
MR       .....                  (no ring)
Stlth    ++++......             (no ring)
HPRegen  0.12/turn              (no ring)
MPRegen  0.09/turn              (no ring)
                                (no ring)
                                (no ring)

@: lethally poisoned (0 -> -3), invisible
A: almost no armour, stealthy swim, amphibious, 8 rings, constrict 8, camouflage
1, gelatinous body 1
a: no special abilities


You were on level 6 of the Dungeon.
You were very hungry.

You visited 1 branch of the dungeon, and saw 4 of its levels.

You collected 61 gold pieces.

Inventory:

Hand Weapons
 a - a +2 dagger (weapon)
 b - a +0 blowgun
Missiles
 c - 40 poisoned needles
 d - 2 curare-tipped needles
Armour
 m - a +2 hat
Jewellery
 k - an uncursed amulet of magic regeneration {unknown}
 o - an uncursed ring of positive energy {unknown}
Scrolls
 g - a scroll of fog {unknown}
 h - a scroll of amnesia {unknown}
 n - 2 scrolls of enchant armour {unknown}
 p - a scroll of identify {unknown}
 q - a scroll of enchant weapon {unknown}
 r - a scroll of remove curse {unknown}
Potions
 e - 2 potions of brilliance {unknown}
 i - a potion of resistance {unknown}
 j - 2 potions of invisibility
 l - a potion of magic {unknown}
 s - a potion of heal wounds {unknown}
Comestibles
 f - 3 rations


   Skills:
 * Level 2.9 Fighting
 * Level 2.8 Short Blades
 + Level 2.5 Throwing
 * Level 2.5 Dodging
 + Level 6.4 Stealth


You had 4 spell levels left.
You didn't know any spells.

Dungeon Overview and Level Annotations

Branches:
Dungeon (3/15)

Altars:
Ashenzari
Kikubaaqudgha
Okawaru


Innate Abilities, Weirdness & Mutations

You cannot wear most types of armour.
You are very stealthy in the water. (Stealth+)
You are amphibious.
You can wear up to eight rings at the same time.
You can use your tentacles to constrict eight enemies at once.
Your skin changes colour to match your surroundings (Stealth+).
Your rubbery body absorbs attacks. (AC +1, EV +1)


Message History

The worker ant bites you.
You are poisoned.
The worker ant poisons you!
The centaur shoots an arrow.
The arrow hits you! The arrow freezes you.
* * * LOW HITPOINT WARNING * * *
You see here an arrow.
You feel sick. The worker ant bites you.
* * * LOW HITPOINT WARNING * * *
The water moccasin misses you.
You open the door.
A bullfrog zombie comes into view.
The bullfrog zombie moves out of view.
The worker ant completely misses you. The water moccasin closely misses you.
* * * LOW HITPOINT WARNING * * *
You feel sick. The worker ant barely misses you.
There is an open door here.
The water moccasin closely misses you.
It was a potion of invisibility.
You fade into invisibility!
You die...

#.......#
#.......#
#.......#
#.......#
#.......#########
#......(.......?.
########.........
#.....#.(.......
#....@#.........
#....ZSa........
#.....#c........
#.....#.........
#.....#.........
##+####.........
##########


You could see a water moccasin, a centaur, a worker ant and a bullfrog zombie.

Vanquished Creatures
  A scorpion (D:3)
  4 adders
  An ooze (D:3)
  A worm (D:3)
  3 dart slugs
  4 leopard geckos
  4 orcs (D:3)
  3 giant cockroaches
  3 goblins
  4 hobgoblins
  2 jackals (D:3)
  6 bats
  2 frilled lizards
  5 kobolds
  4 rats
47 creatures vanquished.

Notes
Turn   | Place    | Note
-------+----------+-------------------------------------------
     0 | D:1      | NullDivider the Octopode Assassin began the quest for the Orb.
     0 | D:1      | Reached XP level 1. HP: 14/14 MP: 1/1
    81 | D:1      | Reached XP level 2. HP: 19/19 MP: 2/2
   481 | D:1      | Reached skill level 6 in Stealth
   638 | D:2      | Reached XP level 3. HP: 24/24 MP: 3/3
  1192 | D:3      | Reached XP level 4. HP: 30/30 MP: 4/4
  1522 | D:3      | Found an iron altar of Okawaru.
  1820 | D:3      | Reached XP level 5. HP: 36/36 MP: 5/5
  2018 | D:3      | Found a shattered altar of Ashenzari.
  2021 | D:3      | Found an ancient bone altar of Kikubaaqudgha.
  2023 | D:3      | You fall through a shaft for 3 floors!
  2028 | D:6      | Noticed a water moccasin
  2029 | D:6      | Noticed a centaur
  2033 | D:6      | HP: 1/36 [poisoned by a worker ant]
  2035 | D:6      | Succumbed to a worker ant's poison

Skill      XL: |  1  2  3 |
---------------+----------+-----
Stealth        | 6 |  6.4
Dodging        | 2 |  2.5
Fighting       | |  2.9
Short Blades   | |  2.8
Throwing       | |  2.5

Action                   |  1- 3 |  4- 6 || total
-------------------------+-------+-------++-------
Melee: Dagger            |    41 |    43 ||    84
       Constrict         |     8 |    13 ||    21
       Tentacles         |     6 |     9 ||    15
 Fire: Blowgun           |       |     7 ||     7
  Use: Potion            |       |     1 ||     1
 Stab: Sleeping          |    13 |     3 ||    16
       Distracted        |       |     1 ||     1
  Eat: Chunk             |       |     2 ||     2
Armor: Skin              |     4 |     7 ||    11
Dodge: Dodged            |    24 |    33 ||    57
